 Dungeon Crawl Stone Soup version 0.16.2-3-ga078185 (webtiles) character file.

70 gorblad the Skirmisher (level 4, 0/38 HPs)
             Began as a Centaur Fighter on Sept 7, 2015.
             Succumbed to an adder's poison
             ... on level 2 of the Dungeon.
             The game lasted 00:03:25 (1126 turns).

gorblad the Skirmisher (Centaur Fighter)            Turns: 1126, Time: 00:03:26

Health: 0/38       AC:  6    Str: 18    XL:     4   Next: 3%
Magic:  3/3        EV:  5    Int:  7    God:
Gold:   23         SH:  8    Dex: 10    Spells: 0 memorised, 3 levels left

rFire  . . .     SeeInvis .     a - +0 trident
rCold  . . .     Clarity  .     b - +0 scale mail
rNeg   . . .     SustAb   .     c - +0 shield
rPois  .         Gourm    .     (no helmet)
rElec  .         Spirit   .     (no cloak)
rCorr  .         Warding  .     (no gloves)
rMut   .         Stasis   .     (no barding)
MR     .....                    (no amulet)
Stlth  ..........               (no ring)
                                i - ring of stealth

@: lethally poisoned (0 -> -5), very quick, not resistant to hostile
enchantments, extremely unstealthy
A: hooves 3, deformed body, speed 2, tough skin 3
a: no special abilities


You were on level 2 of the Dungeon.
You were not hungry.

You visited 1 branch of the dungeon, and saw 2 of its levels.

You collected 23 gold pieces.

Inventory:

Hand weapons
 a - a +0 trident (weapon)
Armour
 b - a +0 scale mail (worn)
 c - a +0 shield (worn)
Jewellery
 i - a ring of stealth (left hand)
Scrolls
 h - a scroll of noise {unknown}
 j - a scroll of magic mapping {unknown}
 m - a scroll of enchant armour {unknown}
 q - a scroll of identify {unknown}
 r - a scroll of remove curse {unknown}
Potions
 e - 2 potions of might
 f - a potion of restore abilities
 g - a potion of beneficial mutation {unknown}
 k - a potion of resistance {unknown}
 l - a potion of magic {unknown}
 n - a potion of flight {unknown}
 p - a potion of degeneration {unknown}
 s - a potion of heal wounds {unknown}
 t - a potion of curing {unknown}
Comestibles
 d - 4 bread rations
 o - 2 meat rations


   Skills:
 + Level 3.5 Fighting
 + Level 2.0 Polearms
 + Level 2.6 Armour
 + Level 0.4 Dodging
 + Level 2.7 Shields


You had 3 spell levels left.
You didn't know any spells.

Dungeon Overview and Level Annotations

Branches:
Dungeon (2/15)

Altars:


Innate Abilities, Weirdness & Mutations

You have hooves in place of feet.
Armour fits poorly on your strangely shaped body.
You cover ground very quickly.
You have extremely tough skin (AC +3).


Message History

* * * LOW HITPOINT WARNING * * *
You feel sick.
The hobgoblin hits you but does no damage.
The adder barely misses you.
You closely miss the adder. Your kick misses the adder.
The adder is severely wounded.
* * * LOW HITPOINT WARNING * * *
You feel sick. You block the adder's attack.
The hobgoblin hits you but does no damage.
The adder barely misses you.
You closely miss the hobgoblin.
You kick the hobgoblin, but do no damage.
You block the hobgoblin's attack. The adder bites you but does no damage.
You closely miss the hobgoblin. Your kick misses the hobgoblin.
* * * LOW HITPOINT WARNING * * *
You feel sick. The adder bites you.
* * * LOW HITPOINT WARNING * * *
You block the hobgoblin's attack. The adder bites you but does no damage.
It was a potion of restore abilities.
You feel refreshed.
You die...

.............. .#!
..................
####...#####...... #...#
##...### # #.(.# #......#
.# #...# #...... ..#
###...### #.#... ..
##.......# #.##†#.####.#
.........# ##.##@g....$#
.........###...S...####.#
.###...####.#.######
.##........###.#
.....#.####.#.###
.#......# ##..).#
........# ####.#
......#.# #.# ...##.#.#
#.#


You could see an adder and a hobgoblin.

Vanquished Creatures
  Jessica (D:2)
  3 worms (D:2)
  2 giant geckos
  3 bats
  2 giant cockroaches (D:2)
  4 goblins
  4 hobgoblins
  2 jackals (D:1)
  6 kobolds
  A quokka (D:2)
  6 giant newts
  2 rats
36 creatures vanquished.

Notes
Turn   | Place    | Note
--------------------------------------------------------------
     0 | D:1      | gorblad, the Centaur Fighter, began the quest for the Orb.
     0 | D:1      | Reached XP level 1. HP: 19/19 MP: 1/1
   191 | D:1      | Reached XP level 2. HP: 26/26 MP: 2/2
   863 | D:2      | Noticed Jessica
   868 | D:2      | Killed Jessica
   868 | D:2      | Reached XP level 3. HP: 27/31 MP: 3/3
  1103 | D:2      | Reached XP level 4. HP: 23/38 MP: 3/3
  1125 | D:2      | HP: 1/38 [adder (2)]
  1126 | D:2      | Succumbed to an adder's poison

Action                   |  1- 3 |  4- 6 || total
-------------------------+-------+-------++-------
Melee: Trident           |   123 |    22 ||   145
  Use: Potion            |       |     1 ||     1
